 Dungeon Crawl Stone Soup version 0.27-a0-1347-gd8886f0a89 (webtiles) character file.

Game seed: 15636341130103592038

47 Zonian the Conjurer (level 3, -3/25 HPs)
             Began as a Gnoll Conjurer on June 27, 2021.
             Was a Follower of Jiyva.
             Slain by Rohain's ghost (6 damage)
             ... on level 3 of the Dungeon.
             The game lasted 00:03:29 (2765 turns).

Zonian the Conjurer (Gnoll Conjurer)                Turns: 2765, Time: 00:03:30

Health: -3/25      AC:  2    Str:  7      XL:     3   Next: 70%
Magic:  1/9        EV: 12    Int: 18      God:    Jiyva [*.....]
Gold:   120        SH:  0    Dex:  6 (9)  Spells: 9/12 levels left

rFire    . . .     SeeInvis .   d - +0 short sword
rCold    . . .     Faith    .   (no shield)
rNeg     . . .     Spirit   .   a - +0 robe
rPois    .         Reflect  .   (no helmet)
rElec    .         Harm     .   (no cloak)
rCorr    .         Rampage  .   (no gloves)
Will     .....                  (no boots)
Stlth    ++........             (no amulet)
HPRegen  0.08/turn              (no ring)
MPRegen  0.11/turn              (no ring)

@: no status effects
A: fangs 1, strong nose, distributed training
a: Renounce Religion, Request Jelly


You were on level 3 of the Dungeon.
You worshipped Jiyva.
Jiyva was aware of your devotion.
You visited 1 branch of the dungeon, and saw 3 of its levels.

You collected 120 gold pieces.

Inventory:

Hand Weapons
 d - a +0 short sword (weapon)
Armour
 a - a +0 robe (worn)
Magical Staves
 i - a staff of fire
Scrolls
 c - a scroll of teleportation {unknown}
 f - 2 scrolls of noise {unknown}
 g - a scroll of identify {unknown}
 h - a scroll of fear {unknown}
Potions
 b - a potion of curing {unknown}
 e - 2 potions of brilliance {unknown}


   Skills:
 + Level 0.9 Fighting
 + Level 0.9 Short Blades
 + Level 0.9 Long Blades
 + Level 0.9 Axes
 + Level 0.9 Maces & Flails
 + Level 0.9 Polearms
 + Level 0.9 Staves
 + Level 0.9 Slings
 + Level 0.9 Bows
 + Level 0.9 Crossbows
 + Level 0.9 Throwing
 + Level 0.9 Armour
 + Level 4.5 Dodging
 + Level 4.2 Stealth
 + Level 0.9 Shields
 + Level 0.9 Unarmed Combat
 + Level 5.0 Spellcasting
 + Level 7.1 Conjurations
 + Level 0.6 Hexes
 + Level 0.6 Summonings
 + Level 0.6 Necromancy
 + Level 0.6 Translocations
 + Level 0.6 Transmutations
 + Level 0.6 Fire Magic
 + Level 0.6 Ice Magic
 + Level 0.6 Air Magic
 + Level 0.6 Earth Magic
 + Level 0.6 Poison Magic
 + Level 1.0 Invocations
 + Level 0.9 Evocations


You had 9 spell levels left.
You knew the following spells:

 Your Spells              Type           Power      Damage    Failure   Level
a - Magic Dart            Conj           100%       1d8       1%          1
b - Searing Ray           Conj           60%        3d5       1%          2

Your spell library contained the following spells:

 Spells                   Type           Power      Damage    Failure   Level
 Dazzling Flash           Conj/Hex       36%        N/A       9%          3
 Fulminant Prism          Conj/Hex       9%         3d7       26%         4
 Iskenderun's Mystic Bla  Conj/Tloc      18%        2d6       26%         4


Dungeon Overview and Level Annotations

Branches:
Dungeon (3/15)

Altars:
Jiyva

Annotations:
D:2 1 runed translucent door, Crazy Yiuf
D:3 1 transporter, Natasha; Rohain's ghost, weakling GnWr


Innate Abilities, Weirdness & Mutations

You have very sharp teeth.
Your uncanny sense of smell can sniff out nearby items.
Your experience applies equally to all skills.


Message History

You enter the transporter and appear at another place.
Unknown command.
Unknown command.
Casting: Magic Dart (safe; 1% risk of failure)
Confirm with . or Enter, or press ? or * to list all spells.
Aiming: Searing Ray (safe; 1% risk of failure)
Press: ? - help, Shift-Dir - straight line, f - Rohain's ghost
Aim: Rohain's ghost (63% to hit)
The searing ray hits Rohain's ghost!
Rohain's ghost is moderately damaged.
The searing ray hits the quasit!
The quasit is heavily wounded. (Press . to maintain the ray.) Rohain's ghost hits you!
The quasit bites you. The quasit claws you. x2
You feel clumsy.
The searing ray misses Rohain's ghost.
The searing ray misses the quasit.
Rohain's ghost hits you.
Unknown command.
The searing ray hits Rohain's ghost!
Rohain's ghost is heavily damaged.
The searing ray hits the quasit.
The quasit is lightly wounded.
Rohain's ghost closely misses you. The quasit barely misses you. x2
The quasit claws you but does no damage.
The quasit bites you.
You feel clumsy.
The quasit claws you but does no damage.
The quasit claws you. The quasit barely misses you. The quasit claws you.
* * * LOW HITPOINT WARNING * * *
You feel clumsy.
The quasit claws you but does no damage.
The quasit bites you.
* * * LOW HITPOINT WARNING * * *
The quasit barely misses you.
The quasit claws you but does no damage.
The quasit bites you but does no damage.
The quasit closely misses you.
The quasit claws you but does no damage.
Rohain's ghost hits you.
You die...

####.# #.#.###.....
. 5...h#
####.......#.#....
######
###.......J.....#
##...####.J.####..#
#..###. #####. #
#.##..#..$[...
#.#....###=..##.##
#.##.#...5W#.....#
#..#©..#.5@..##.
##.#..##.5#......#
#.# ...#J .#...##
#.##..... #. ..#
#..##.### #####
##..###©####.. ..
#### ##...........
. ...# #.#...#..#
##.# #........##


You could see 3 quasits, Rohain's ghost and 3 neutral jellies (fellow slime).

Vanquished Creatures
  2 worms (D:3)
  A dart slug (D:2)
  7 ball pythons
  6 bats
  2 endoplasms (D:1)
  2 giant cockroaches
  3 goblins
  2 hobgoblins (D:2)
  A jackal (D:2)
  7 kobolds
  A frilled lizard (D:1)
  4 rats
38 creatures vanquished.

Vanquished Creatures (others)
  A jelly (D:3)
  An orc wizard (D:3)
  6 orcs (D:3)
  A hobgoblin (D:3)
  A jackal (D:3)
  A frilled lizard (D:2)
  A rat (D:3)
12 creatures vanquished.

Grand Total: 50 creatures vanquished

Notes
Turn   | Place    | Note
-------+----------+-------------------------------------------
     0 | D:1      | Zonian the Gnoll Conjurer began the quest for the Orb.
     0 | D:1      | Reached XP level 1. HP: 13/13 MP: 6/6
   213 | D:1      | Reached XP level 2. HP: 19/19 MP: 3/7
   883 | D:2      | Reached XP level 3. HP: 21/25 MP: 0/9
   886 | D:2      | Learned a level 2 spell: Searing Ray
   980 | D:2      | Reached skill level 5 in Spellcasting
  1022 | D:2      | Found a runed translucent door.
  1023 | D:2      | Noticed Crazy Yiuf
  1469 | D:2      | Found a faded altar of an unknown god.
  1476 | D:2      | Became a worshipper of Jiyva Jiesaaho the Shapeless
  1476 | D:2      | Reached * piety under Jiyva
  2062 | D:3      | Noticed Natasha
  2082 | D:2      | Reached skill level 1 in Invocations
  2728 | D:3      | Found a transporter.
  2739 | D:3      | Found a transporter.
  2754 | D:3      | Noticed Rohain's ghost (weakling GnWr)
  2765 | D:3      | Slain by Rohain's ghost

Illustrated notes

Levels and vault maps discovered:
D:1:      wander_arrival_estate, layout_basic
D:2:      layout_loops_corners, ebering_ecumenical_altar_mist,
          uniq_crazy_yiuf_cottage
D:3:      layout_loops_corners, gammafunk_ghost_stat_death, uniq_natasha

Skill      XL: |  1  2  3 |
---------------+----------+-----
Spellcasting   | 5 |  5.0
Invocations    | 1 |  1.0
Fighting       | |  0.9
Short Blades   | |  0.9
Long Blades    | |  0.9
Axes           | |  0.9
Maces & Flails | |  0.9
Polearms       | |  0.9
Staves         | |  0.9
Slings         | |  0.9
Bows           | |  0.9
Crossbows      | |  0.9
Throwing       | |  0.9
Armour         | |  0.9
Dodging        | |  4.5
Stealth        | |  4.2
Shields        | |  0.9
Unarmed Combat | |  0.9
Conjurations   | |  7.1
Hexes          | |  0.6
Summonings     | |  0.6
Necromancy     | |  0.6
Translocations | |  0.6
Transmutations | |  0.6
Fire Magic     | |  0.6
Ice Magic      | |  0.6
Air Magic      | |  0.6
Earth Magic    | |  0.6
Poison Magic   | |  0.6
Evocations     | |  0.9

Action                   || total
-------------------------++-------
Melee: Short sword       ||    14
 Cast: Magic Dart        ||    58
       Searing Ray       ||     4
Invok: Request Jelly     ||     2
  Use: Scroll            ||     1
Armor: Robe              ||    10
Dodge: Dodged            ||    21

Table legend: (Time is in decaauts)
 A = Elapsed time spent in this place.
 B = Non-inter-level travel time spent in this place.
 C = Inter-level travel time spent in this place.
 D = Time resting spent in this place.
 E = Time spent auto-exploring this place.
 F = Levels seen in this place.
 G = Mean time per level.
                   A        B        C        D        E       F      G
               +--------+--------+--------+--------+--------+-----+--------+
         Total |   2766 |   2636 |    130 |    365 |   2058 |   3 |  922.0 |
       Dungeon |   2766 |   2636 |    130 |    365 |   2058 |   3 |  922.0 |
               +--------+--------+--------+--------+--------+-----+--------+

Top non-repeatable levels by time:
     D:2: 1353 daAuts
     D:1: 828 daAuts
     D:3: 584 daAuts
